 Dungeon Sprint DCSS version 0.18.1-50-g88ac8fd (webtiles) character file.

555 saintsgambit the Blocker (level 7, -1/72 HPs)
             Began as a Minotaur Fighter on Sept 24, 2016.
             Was a Believer of the Shining One.
             Slain by a fire vortex (20 damage)
             ... in the Dungeon (Sprint V: "Ziggurat Sprint").
             The game lasted 00:03:17 (244 turns).

saintsgambit the Blocker (Minotaur Fighter)          Turns: 244, Time: 00:03:18

Health: -1/72      AC: 29    Str: 28    XL:     7   Next: 8%
Magic:  13/15      EV:  2    Int:  5    God:    the Shining One [**....]
Gold:   0          SH: 37    Dex: 10    Spells: 0 memorised, 6 levels left

rFire  . . .     SeeInvis .     C - +5 double sword
rCold  . . .     Gourm    .     y - +15 Maxwell's patent armour {-Cast -Tele rElec MR+ rCorr}
rNeg   + + .     Faith    .     A - +18 shield of the gong {rElec rN+ MR+ EV-5}
rPois  +         Spirit   .     (helmet restricted)
rElec  +         Dismiss  .     (no cloak)
rCorr  +         Reflect  .     (no gloves)
SustAt .         Harm     .     (no boots)
MR     ++...     NoTele   +     (no amulet)
Stlth  .......... NoCast   +    E - ring "Entyih" {*Drain rPois MP+9 Slay+3 Stlth-}
                                I - +6 ring of strength

@: divine shield, glowing, very resistant to hostile enchantments, extremely
unstealthy
A: retaliatory headbutt, horns 2
a: Divine Shield, Renounce Religion


You were in the Dungeon.
You worshipped the Shining One.
The Shining One was pleased with you.
You were not hungry.

You visited 1 branch

Inventory:

Hand Weapons
 C - a +5 double sword (weapon)
Armour
 y - the +15 Maxwell's patent armour (worn) {-Cast -Tele rElec MR+ rCorr}
   (You found it in the Dungeon)

   It insulates you from electricity.
   It affects your resistance to hostile enchantments.
   It prevents spellcasting.
   It prevents most forms of teleportation.
   It protects you from acid and corrosion.
 A - the +18 shield of the gong (worn) {rElec rN+ MR+ EV-5}
   (You found it in the Dungeon)

   It affects your evasion (-5).
   It insulates you from electricity.
   It protects you from negative energy.
   It affects your resistance to hostile enchantments.
Jewellery
 D - a +6 ring of dexterity
 E - the ring "Entyih" (right hand) {*Drain rPois MP+9 Slay+3 Stlth-}
   (You found it in the Dungeon)

   [ring of loudness]

   It affects your accuracy and damage with ranged weapons and melee attacks
   (+3).
   It protects you from poison.
   It affects your magic capacity (+9).
   It causes draining when unequipped.
   It makes you less stealthy.
 I - a +6 ring of strength (left hand)
Wands
 a - a wand of disintegration (7/24)
 b - a wand of iceblast (5/15)
 c - a wand of lightning (5/15)
 B - a wand of acid (5/15)
Scrolls
 k - 4 scrolls of blinking
 q - 4 scrolls of amnesia
 r - 3 scrolls of recharging
 s - 7 scrolls of fog
 t - a scroll of holy word
 u - 5 scrolls of identify
 v - 5 scrolls of remove curse
 w - 2 scrolls of fear
Potions
 d - 6 potions of might
 e - 10 potions of curing
 g - 10 potions of heal wounds
 h - 6 potions of haste
 i - 7 potions of magic
 j - 3 potions of berserk rage
 l - 2 potions of brilliance
 m - 2 potions of invisibility
 n - 4 potions of resistance
 o - a potion of experience
 p - 5 potions of agility
Comestibles
 f - 5 bread rations
 x - 42 fruits
 z - 4 meat rations


   Skills:
 + Level 10.2 Fighting
 + Level 6.4 Long Blades
 + Level 10.4 Armour
 + Level 1.2 Dodging
 + Level 10.7 Shields
 + Level 0.6 Invocations


You had 6 spell levels left.
You didn't know any spells.

Dungeon Overview and Level Annotations

Branches:
Dungeon (1/1)

Altars:
Ashenzari
Cheibriados
Dithmenos
Elyvilon
Fedhas
Gozag
Kikubaaqudgha
Makhleb
Nemelex Xobeh
Okawaru
Pakellas
Qazlal
Ru
Sif Muna
Trog
Vehumet
Xom
Yredelemnul
Zin
The Shining One
Beogh
Jiyva
Lugonu


Innate Abilities, Weirdness & Mutations

You reflexively headbutt those who attack you in melee.
You have a pair of horns on your head.


Message History

You block the fire elemental's attack.
GONNNNG!
You closely miss the fire elemental. You block the fire elemental's attack.
PANG!
You barely miss the fire elemental.
Your headbutt misses the fire elemental.
You block the fire elemental's attack.
BONNNG!
You block the fire elemental's attack.
GONNNNG!
You slice the fire elemental!! You headbutt the fire elemental.
You destroy the fire elemental!
Your Fighting skill increases to level 10!
You have reached level 7!
You hit the fire vortex. Your headbutt misses the fire vortex.
The fire vortex is lightly damaged.
You slash the fire vortex!
The fire vortex is severely damaged.
The fire vortex hits you. The fire vortex burns you!
You die...

▓▓▓▓▓▓▓▓▓▓▓▓▓▓▓▓▓▓▓
▓.8©8.▓.8©8.▓.8©8.▓
▓.)").▓.[:=.▓.....▓
▓..}..▓.....▓...).▓
▓.....▓.....▓..)).▓
▓.....▓.....▓.....▓
▓.@...▓.....▓.....▓
▓.....▓.....▓▓▓▓▓▓▓
▓▓▓▓▓▓▓▓▓▓▓▓▓


There were no monsters in sight!

Vanquished Creatures
  3 fire elementals (D)
  A porcupine (D)
  An orc priest (D)
  An orc wizard (D)
  2 jackals (D)
8 creatures vanquished.

Notes
Turn   | Place    | Note
--------------------------------------------------------------
     0 | D        | saintsgambit the Minotaur Fighter began the quest for the Orb.
     0 | D        | Reached XP level 1. HP: 19/19 MP: 0/0
     0 | D        | Found a roughly hewn altar of Beogh.
     0 | D        | Found a viscous altar of Jiyva.
     0 | D        | Found a corrupted altar of Lugonu.
     0 | D        | Found a white marble altar of Elyvilon.
     0 | D        | Found a sparkling altar of Nemelex Xobeh.
     0 | D        | Found a burning altar of Makhleb.
     0 | D        | Found an iron altar of Okawaru.
     0 | D        | Found a deep blue altar of Sif Muna.
     0 | D        | Found a radiant altar of Vehumet.
     0 | D        | Found a bloodstained altar of Trog.
     0 | D        | Found a shimmering altar of Xom.
    96 | D        | Became a worshipper of the Shining One
   103 | D        | Entered arena 1.
   103 | D        | Noticed an orc priest
   103 | D        | Noticed an orc wizard
   109 | D        | Killed an orc wizard
   109 | D        | Reached skill level 5 in Fighting
   109 | D        | Reached skill level 5 in Armour
   109 | D        | Reached skill level 5 in Shields
   109 | D        | Reached XP level 2. HP: 29/29 MP: 1/1
   111 | D        | Reached * piety under the Shining One
   111 | D        | Reached XP level 3. HP: 23/37 MP: 2/2
   114 | D        | Got the ring "Entyih" {*Drain rPois MP+9 Slay+3 Stlth-}
   118 | D        | Entered arena 2.
   118 | D        | Noticed a porcupine
   121 | D        | Killed a porcupine
   121 | D        | Reached XP level 4. HP: 30/47 MP: 2/3
   121 | D        | Reached XP level 5. HP: 34/52 MP: 2/4
   226 | D        | Entered arena 3.
   226 | D        | Noticed a fire elemental
   226 | D        | Reached ** piety under the Shining One
   226 | D        | Noticed a fire elemental
   226 | D        | Noticed a fire elemental
   230 | D        | Killed a fire elemental
   230 | D        | Reached skill level 5 in Long Blades
   230 | D        | Reached XP level 6. HP: 40/62 MP: 5/5
   234 | D        | Killed a fire elemental
   234 | D        | Reached skill level 10 in Armour
   234 | D        | Reached skill level 1 in Dodging
   234 | D        | Reached skill level 10 in Shields
   237 | D        | Killed a fire elemental
   237 | D        | Reached skill level 10 in Fighting
   237 | D        | Reached XP level 7. HP: 17/72 MP: 6/6
   244 | D        | Slain by a fire vortex

Skill      XL: |  1  2  3  4  5  6 |
---------------+-------------------+-----
Fighting       | 5 7 8 10 | 10.2
Long Blades    | 3 4 5 6 |  6.4
Armour         | 5 7 9 10 | 10.4
Shields        | 5 6 7 9 10 | 10.7
Dodging        | 1 |  1.2
Invocations    | |  0.6

Action                   |  1- 3 |  4- 6 |  7- 9 || total
-------------------------+-------+-------+-------++-------
Melee: Double sword      |     9 |    11 |     2 ||    22
       Headbutt          |     2 |     1 |       ||     3
Invok: Divine Shield     |       |     1 |       ||     1
Armor: Plate armour      |     4 |     6 |     1 ||    11
Block: Shield            |    14 |    20 |       ||    34
